 Dungeon Crawl Stone Soup version 0.28-a0-1236-gb25a51b929 (webtiles) character file.

Game seed: 15118962687567193188

795 Zonian the Gusty (level 7, -2/40 HPs)
             Began as a Tengu Air Elementalist on Dec 25, 2021.
             Slain by an orc (7 damage)
             ... on level 5 of the Dungeon.
             The game lasted 00:10:54 (9040 turns).

Zonian the Gusty (Tengu Air Elementalist)           Turns: 9040, Time: 00:10:54

Health: -2/40      AC:  3    Str: 10    XL:     7   Next: 89%
Magic:  12/13      EV: 16    Int: 16    God:
Gold:   147        SH:  0    Dex: 14    Spells: 3/13 levels left

rFire   . . .      SeeInvis .   n - +4 dagger (venom)
rCold   . . .      Faith    .   (no shield)
rNeg    . . .      Spirit   .   a - +0 robe
rPois   .          Reflect  .   (helmet restricted)
rElec   .          Harm     .   r - +0 cloak
rCorr   .          Rampage  .   (no gloves)
Will    .....                   (boots unavailable)
Stlth   +++.......              b - amulet of magic regeneration
HPRegen 0.13/turn               (no ring)
MPRegen 0.53/turn               (no ring)

@: flying quickly and evasively, quick
A: beak, talons 3, nimble flight
a: no special abilities


You were on level 5 of the Dungeon.
You visited 1 branch of the dungeon, and saw 5 of its levels.

You collected 147 gold pieces.

Inventory:

Hand Weapons
 c - a +0 dagger of flaming
 g - a +2 hunting sling of freezing
 n - a +4 dagger of venom (weapon)
Missiles
 d - 9 poisoned darts
 j - 3 boomerangs
Armour
 a - a +0 robe (worn)
 i - a +0 cloak
 r - a +0 cloak (worn)
Jewellery
 b - an amulet of magic regeneration (around neck)
Scrolls
 e - 2 scrolls of vulnerability
 k - 2 scrolls of teleportation
 l - a scroll of brand weapon
Potions
 f - a potion of lignification
 h - 3 potions of degeneration
 m - a potion of attraction {unknown}
 o - a potion of haste {unknown}
 q - a potion of mutation
 s - a potion of heal wounds
 t - a potion of brilliance {unknown}
 v - a potion of invisibility {unknown}


   Skills:
 + Level 2.0 Fighting
 + Level 2.1 Short Blades
 + Level 4.2 Dodging
 + Level 4.0 Stealth
 - Level 2.2 Unarmed Combat
 + Level 3.6 Spellcasting
 + Level 4.4 Conjurations
 + Level 5.9 Air Magic


You had 3 spell levels left.
You knew the following spells:

 Your Spells              Type           Power      Damage    Failure   Level
a - Shock                 Conj/Air       76%        1d7       1%          1
b - Static Discharge      Conj/Air       19%        N/A       3%          2
c - Swiftness             Air            21%        N/A       4%          3
d - Airstrike             Air            10%        N/A       16%         4

Your spell library contained the following spells:

 Spells                   Type           Power      Damage    Failure   Level
 Summon Small Mammal      Summ           8%         N/A       19%         1
 Conjure Flame            Conj/Fire      10%        6-21      22%         3
 Call Canine Familiar     Summ           2%         N/A       47%         3
 Frozen Ramparts          Ice            4%         1d2       47%         3
 Ignite Poison            Fire/Tmut/Pois 2%         N/A       47%         3
 Summon Guardian Golem    Hex/Summ       2%         N/A       47%         3
 Sticky Flame             Conj/Fire      10%        2d3       56%         4
 Ice Form                 Ice/Tmut       2%         N/A       87%         4
 Summon Ice Beast         Ice/Summ       2%         N/A       87%         4


Dungeon Overview and Level Annotations

Branches:
Dungeon (5/15)
 Temple: D:4-7

Altars:


Innate Abilities, Weirdness & Mutations

You have a beak for a mouth.
You have claws for feet.
Your magical nature lets you fly swiftly and evasively.


Message History

You hit the orc.
You kill the orc!
You hit the orc.
The orc is poisoned.
You claw the orc, but do no damage.
The orc is severely wounded.
You kill the orc!
You hear some strange, mumbled words.
Something tries to affect you, but you resist.
The orc shouts!
Items here: )) [[ ††.
You barely miss something. You peck something.
You hear a shout!
Something completely misses you.
You barely miss something. You claw something. Something hits you.
The orc hits you from afar with a +0 trident!
You miss something. Your kick misses something. Something hits you.
You hit something. You claw something. The orc closely misses you.
Something hits you.
You hit something. The orc closely misses you.
You hear some strange, mumbled words.
A puff of flame appears from out of thin air!
The puff of flame hits you!
You hit something. You claw something. The orc closely misses you.
The orc completely misses you. Something hits you but does no damage.
You hit something. Your kick misses something. You peck something.
Reactivating autopickup.
You feel a bit more experienced.
The orc hits you from afar with a +0 trident!
* * * LOW HITPOINT WARNING * * *
The orc barely misses you.
Unknown command.
There is a stone staircase leading up here.
Unknown command.
Casting: Static Discharge (safe; 3% risk of failure)
Confirm with . or Enter, or press ? or * to list all spells.
The orc is struck by an arc of lightning.
The orc is almost dead.
You are struck by an arc of lightning.
* * * LOW HITPOINT WARNING * * *
The lightning grounds out.
The orc hits you with a +0 hand axe!
You die...

#..#....
#.#....# ......#
#....# ####....#
........###
##...)..###
#....@o)..#
#.#####o#.#
#...####
###.....##
##........##
##............
###.............
#..[o...........
#.{.o........###


You could see 2 orcs.

Vanquished Creatures
  A black bear (D:4)
  An ogre (D:5)
  2 phantoms
  A scorpion (D:4)
  Crazy Yiuf (D:3)
  An orc priest (D:4)
  2 hounds
  Jessica (D:3)
  A bullfrog skeleton (D:4)
  An orc wizard (D:5)
  A hound skeleton (D:4)
  4 gnolls (D:2)
  5 adders
  3 worms (D:2)
  4 dart slugs
  10 orcs
  7 ball pythons
  11 endoplasms
  4 giant cockroaches
  7 goblins
  4 hobgoblins
  2 quokkas
  A bat (D:1)
  8 frilled lizards
  15 kobolds
  9 rats
107 creatures vanquished.

Vanquished Creatures (others)
  A fungus (D:3)
  16 plants
17 creatures vanquished.

Grand Total: 124 creatures vanquished

Notes
Turn   | Place    | Note
-------+----------+-------------------------------------------
     0 | D:1      | Zonian the Tengu Air Elementalist began the quest for the
                  | Orb.
     0 | D:1      | Reached XP level 1. HP: 10/10 MP: 4/4
   908 | D:1      | Reached XP level 2. HP: 15/15 MP: 4/6
  1256 | D:1      | You fall into a shaft and drop 1 floor!
  1782 | D:2      | Reached XP level 3. HP: 19/19 MP: 4/7
  1800 | D:2      | Reached skill level 1 in Unarmed Combat
  2683 | D:2      | Reached XP level 4. HP: 12/24 MP: 5/8
  3539 | D:2      | Learned a level 2 spell: Static Discharge
  4146 | D:2      | Gained mutation: Your magical nature lets you fly swiftly
                  | and evasively. [Tengu growth]
  4146 | D:2      | Reached XP level 5. HP: 20/28 MP: 9/9
  5249 | D:3      | Found a runed translucent door.
  5250 | D:3      | Noticed Crazy Yiuf
  5832 | D:3      | Noticed Jessica
  5848 | D:3      | Killed Jessica
  5849 | D:3      | Reached skill level 5 in Air Magic
  5849 | D:3      | Reached XP level 6. HP: 17/32 MP: 9/11
  6715 | D:3      | Killed Crazy Yiuf
  7184 | D:4      | Noticed a black bear
  7382 | D:4      | Killed a black bear
  7444 | D:4      | Reached skill level 1 in Fighting
  7444 | D:4      | Reached skill level 1 in Short Blades
  7484 | D:4      | Reached XP level 7. HP: 36/38 MP: 12/12
  7712 | D:4      | Learned a level 3 spell: Swiftness
  7717 | D:4      | Learned a level 4 spell: Airstrike
  8809 | D:5      | Entered Level 5 of the Dungeon
  9040 | D:5      | Slain by an orc

Illustrated notes

Levels and vault maps discovered:
D:1:      lightli_arrival_flooded_house, layout_loops_ring
D:2:      minmay_skewed_foursquare, layout_basic
D:3:      layout_loops_cross, minmay_statues_item, hangedman_decor_growths,
          wad_woods_river_04, minmay_goblin_kobold_house,
          uniq_crazy_yiuf_cottage, uniq_jessica
D:4:      layout_gridville, serial_bayou_lake_a
D:5:      layout_rooms, temple_fountains, portal_sewer_entry_a, uniq_menkaure

Skill      XL: |  1  2  3  4  5  6  7 |
---------------+----------------------+-----
Conjurations   | 2 3 4 |  4.4
Unarmed Combat | 1 2 |  2.2
Dodging        | 3 4 |  4.2
Stealth        | 3 4 |  4.0
Air Magic      | 5 |  5.9
Spellcasting   | 3 |  3.6
Fighting       | 1 2 |  2.0
Short Blades   | 1 2 |  2.1

Action                   |  1- 3 |  4- 6 |  7- 9 || total
-------------------------+-------+-------+-------++-------
Melee: Dagger            |     4 |    31 |    41 ||    76
       Unarmed           |    30 |    99 |       ||   129
       Kick              |    11 |    38 |    12 ||    61
       Peck              |     8 |    12 |     4 ||    24
       Punch             |       |     2 |       ||     2
 Cast: Shock             |    53 |    61 |     6 ||   120
       Static Discharge  |       |       |    18 ||    18
  Use: Scroll            |       |     8 |     4 ||    12
       Potion            |       |     3 |       ||     3
 Stab: Sleeping          |     1 |     9 |     1 ||    11
Armor: Robe              |     5 |    12 |     5 ||    22
       Skin              |       |     2 |       ||     2
Dodge: Dodged            |    22 |    86 |    37 ||   145

Table legend: (Time is in decaauts)
 A = Elapsed time spent in this place.
 B = Non-inter-level travel time spent in this place.
 C = Inter-level travel time spent in this place.
 D = Time resting spent in this place.
 E = Time spent auto-exploring this place.
 F = Levels seen in this place.
 G = Mean time per level.
                   A        B        C        D        E       F      G
               +--------+--------+--------+--------+--------+-----+--------+
         Total |   8831 |   8770 |     61 |   4749 |   2983 |   5 | 1766.2 |
       Dungeon |   8831 |   8770 |     61 |   4749 |   2983 |   5 | 1766.2 |
               +--------+--------+--------+--------+--------+-----+--------+

Top non-repeatable levels by time:
     D:2: 2927 daAuts
     D:3: 2293 daAuts
     D:1: 1829 daAuts
     D:4: 1554 daAuts
     D:5: 226 daAuts
